 Dungeon Crawl Stone Soup version 0.29-a0-529-gfa20dd96a1 (webtiles) character file.

Game seed: 6990122576041091300

0 Spectrina the Grave Robber (level 1, -1/14 HPs)
             Began as a Meteoran Necromancer on June 1, 2022.
             Slain by Crazy Yiuf
             ... wielding a +3 quarterstaff of chaos
              (5 damage)
             ... on level 2 of the Dungeon.
             The game lasted 00:02:16 (95 turns).

Spectrina the Grave Robber (Meteoran Necromancer)     Turns: 95, Time: 00:02:16

Health: -1/14      AC:  2    Str:  9    XL:     1   Next: 0%
Magic:  4/5        EV: 12    Int: 16    God:
Gold:   20         SH:  0    Dex: 14    Spells: 4/5 levels left

rFire   . . .      SeeInvis .   d - +0 hunting sling
rCold   . . .      Faith    .   (no shield)
rNeg    . . .      Spirit   .   a - +0 robe
rPois   .          Reflect  .   (no helmet)
rElec   .          Harm     .   (no cloak)
rCorr   .          Rampage  .   (no gloves)
Will    .....                   (no boots)
Stlth   +.........              (no amulet)
HPRegen 0.04/turn               (no ring)
MPRegen 0.09/turn               (no ring)

@: glowing
A: sense surroundings 1, otherworldly, glowing, explore regen
a: no special abilities


You were on level 2 of the Dungeon.
You visited 1 branch of the dungeon, and saw 2 of its levels.

You collected 20 gold pieces.

Inventory:

Hand Weapons
 d - a +0 hunting sling (weapon)
Missiles
 f - 19 stones
Armour
 a - a +0 robe (worn)
Scrolls
 c - a scroll of identify {unknown}
 e - 2 scrolls of enchant armour {unknown}
Potions
 b - a potion of magic


   Skills:
 - Level 2.4 Dodging
 - Level 1.4 Stealth
 - Level 2.6 Spellcasting
 + Level 4.3 Necromancy


You had 4 spell levels left.
You knew the following spells:

 Your Spells              Type           Power      Damage    Failure   Level
a - Necrotize             Necr           64%        1d7       3%          1

Your spell library contained the following spells:

 Spells                   Type           Power      Damage    Failure   Level
 Vampiric Draining        Necr           16%        2d7       10%         3
 Animate Dead             Necr           16%        N/A       32%         4
 Agony                    Necr           16%        N/A       65%         5


Dungeon Overview and Level Annotations

Branches:
Dungeon (2/15)

Altars:

Annotations:
D:2 Crazy Yiuf


Innate Abilities, Weirdness & Mutations

You passively map a small area around you.
You are easily found by Zot.
You glow in the dark.
You regain HP and MP as you explore.


Message History

Found a hunting sling.
Found a scroll labelled WYCAP UJOIPH.
Found 19 stones.
You see here a +0 hunting sling.
d - a +0 hunting sling
d - a +0 hunting sling (weapon)
e - a scroll labelled WYCAP UJOIPH
Found a hunting sling.
You see here 19 stones.
f - 19 stones
There is a stone staircase leading up here.
You climb upwards.
Found 8 gold pieces and a scroll labelled WYCAP UJOIPH.
There is a stone staircase leading down here.
Found a flail.
You now have 20 gold pieces (gained 8).
e - 2 scrolls labelled WYCAP UJOIPH (gained 1)
There is a stone staircase leading down here.
You climb downwards.
There is a stone staircase leading up here.
Unknown command.
Found a mace.
Found a runed translucent door.
Crazy Yiuf shouts!
Unknown command.
Crazy Yiuf says, "Walk!"
Okay, then.
Okay, then.
You open the door.
Crazy Yiuf says, "Dawk shoe alas!"
Casting: Necrotize (safe; 3% risk of failure)
Confirm with . or Enter, or press ? or * to list all spells.
Aiming: Necrotize (safe; 3% risk of failure)
Press: ? - help, Shift-Dir - straight line, f - Crazy Yiuf
Aim: Crazy Yiuf, wielding a +3 quarterstaff of chaos and wearing a +0 cloak (chance to affect: 80%) Crazy Yiuf writhes in agony.
Crazy Yiuf hits you with a +3 quarterstaff of chaos!
Ouch! That really hurt!
* * * LOW HITPOINT WARNING * * *
Crazy Yiuf burns you.
You die...

* #............#
* ######...<...##
#######..# * ##.#
* #.## ♣♣♣♣♣##..#
### *♣♣♣.♣....#.#
#...#♣..♣.......#
#...g@♣♣♣♣......#
#)..#♣♣ ♣♣....##
###* ♣♣#### * * *
* * * *


You could see Crazy Yiuf.

Vanquished Creatures (others)
  A plant (D:1)
1 creature vanquished.

Notes
Turn   | Place    | Note
-------+----------+-------------------------------------------
     0 | D:1      | Spectrina the Meteoran Necromancer began the quest for the
                  | Orb.
     0 | D:1      | Reached XP level 1. HP: 14/14 MP: 5/5
    90 | D:2      | Found a runed translucent door.
    91 | D:2      | Noticed Crazy Yiuf
    95 | D:2      | Slain by Crazy Yiuf

Illustrated notes

Levels and vault maps discovered:
D:1:      roderic_crop_circles_arrival_small, layout_basic, minmay_hexomino_f4
D:2:      layout_loops_cross, serial_shops, shop,
          hellmonk_ecumenical_altar_arch_garden, uniq_crazy_yiuf_cottage,
          uniq_sigmund

Action                   || total
-------------------------++-------
Melee: Unarmed           ||     4
 Cast: Necrotize         ||     1

Table legend: (Time is in decaauts)
 A = Elapsed time spent in this place.
 B = Non-inter-level travel time spent in this place.
 C = Inter-level travel time spent in this place.
 D = Time resting spent in this place.
 E = Time spent auto-exploring this place.
 F = Levels seen in this place.
 G = Mean time per level.
                   A        B        C        D        E       F      G
               +--------+--------+--------+--------+--------+-----+--------+
         Total |     94 |     94 |      0 |      0 |      0 |   2 |   47.0 |
       Dungeon |     94 |     94 |      0 |      0 |      0 |   2 |   47.0 |
               +--------+--------+--------+--------+--------+-----+--------+

Top non-repeatable levels by time:
     D:2: 56 daAuts
     D:1: 37 daAuts
